 Dungeon Crawl Stone Soup version 0.31.0-11-ge490571c62 (webtiles) character file.

Game seed: 8852329857584551542

3130 Daunt the Magician (level 9, -1/67 HPs)
             Began as a Gnoll Earth Elementalist on Jan 25, 2024.
             Was an Elder of Sif Muna.
             Killed from afar by Erica (7 damage)
             ... with a bolt of poison
             ... on level 8 of the Dungeon on Jan 26, 2024.
             The game lasted 00:47:38 (3816 turns).

Daunt the Magician (Gnoll Earth Elementalist)       Turns: 3816, Time: 00:47:38

Health: -1/67      AC:  8    Str:  7    XL:     9   Next: 92%
Magic:  16/19      EV: 12    Int: 18    God:    Sif Muna [****..]
Gold:   241        SH:  0    Dex: 14    Spells: 11/22 levels left

rFire   + . .        f - +0 dagger
rCold   . . .        (no shield)
rNeg    . . .        L - +0 steam dragon scales
rPois   .            B - +0 helmet
rElec   .            (no cloak)
rCorr   .            (no gloves)
SInv    .            x - +0 pair of boots of Neadaff {rF+}
Will    +....        (no amulet)
Stlth   +++          z - ring of flight
HPRegen 0.31/turn    (no ring)
MPRegen 0.16/turn

%: no passive effects
@: lethally poisoned (-1 -> -24), about to teleport, enlightened, flying,
constricted
A: fangs 1, strong nose, distributed training
a: Renounce Religion, Channel Magic, Forget Spell, Divine Exegesis


You were on level 8 of the Dungeon.
You worshipped Sif Muna.
Sif Muna was greatly pleased with you.
You visited 2 branches of the dungeon, and saw 9 of its levels.

You collected 255 gold pieces.
You spent 14 gold pieces at shops.

Inventory:

Hand Weapons
 a - a +2 short sword of speed
 b - a +0 orcbow
 f - a +0 dagger (weapon)
 I - a +2 whip of venom
 M - a +0 sling
Missiles
 r - 11 poisoned darts
 E - 4 atropa-tipped darts
 H - 3 boomerangs
Armour
 n - a +0 robe
 p - a +0 leather armour
 s - a +0 ring mail of cold resistance
 x - the +0 pair of boots of Neadaff (worn) {rF+}
   (You found it on level 3 of the Dungeon)

   rF+:       It protects you from fire.
 B - a +0 helmet (worn)
 L - +0 steam dragon scales (worn)
Jewellery
 z - a ring of flight (left hand)
Talismans
 m - a blade talisman
 q - a flux talisman
 K - a serpent talisman
Wands
 i - a wand of flame (16)
 F - a wand of paralysis (15)
Scrolls
 c - 2 scrolls of fear {unknown}
 e - 2 scrolls of teleportation
 g - 3 scrolls of fog {unknown}
 l - a scroll of amnesia {unknown}
 o - 3 scrolls of revelation {unknown}
 u - a scroll of torment {unknown}
 v - a scroll of immolation {unknown}
 A - 3 scrolls of enchant armour {unknown}
 D - a scroll of enchant weapon {unknown}
 G - 2 scrolls of noise {unknown}
 O - a scroll of summoning {unknown}
Potions
 d - a potion of mutation
 h - 4 potions of enlightenment
 j - 2 potions of resistance
 k - 3 potions of might
 t - 3 potions of attraction
 y - 2 potions of magic
 C - 2 potions of cancellation {unknown}
 J - a potion of brilliance {unknown}
 N - a potion of heal wounds {unknown}


   Skills:
 + Level 4.9 Fighting
 + Level 4.9 Short Blades
 + Level 4.9 Long Blades
 + Level 4.9 Axes
 + Level 4.9 Maces & Flails
 + Level 4.9 Polearms
 + Level 4.9 Staves
 + Level 4.9 Ranged Weapons
 + Level 4.9 Throwing
 + Level 4.9 Armour
 + Level 6.8 Dodging
 + Level 6.5 Stealth
 + Level 4.9 Shields
 + Level 4.9 Unarmed Combat
 + Level 7.1 Spellcasting
 + Level 4.6 Conjurations
 + Level 4.0 Hexes
 + Level 4.0 Summonings
 + Level 4.0 Necromancy
 + Level 4.0 Translocations
 + Level 4.0 Fire Magic
 + Level 4.0 Ice Magic
 + Level 4.0 Air Magic
 + Level 6.9 Earth Magic
 + Level 4.0 Alchemy
 + Level 5.3 Invocations
 + Level 4.9 Evocations
 + Level 4.4 Shapeshifting


You had 11 spell levels left.
You knew the following spells:

 Your Spells              Type           Power      Damage    Failure   Level
a - Sandblast             Erth           62%        2d14      1%          1
c - Petrify               Alch/Erth      26%        N/A       11%         4
p - Passwall              Erth           31%        N/A       1%          3
s - Stone Arrow           Conj/Erth      54%        3d10      3%          3

Your spell library contained the following spells:

 Spells                   Type           Power      Damage    Failure   Level
 Lesser Beckoning         Tloc           42%        N/A       3%          2
 Gell's Gravitas          Tloc           21%        N/A       6%          3
 Teleport Other           Tloc           21%        N/A       6%          3
 Brom's Barrelling Bould  Conj/Erth      27%        2d5       10%         4
 Borgnjor's Vile Clutch   Necr/Erth      13%        N/A       30%         5
 Alistair's Intoxication  Alch           14%        N/A       50%         5
 Eringya's Noxious Bog    Alch           10%        4d6       97%         6


Dungeon Overview and Level Annotations

Branches:
Dungeon (8/15)             Temple (1/1) D:6            Lair (0/5) D:8

Altars:
Ashenzari
Cheibriados
Dithmenos
Elyvilon
Fedhas
Gozag
Hepliaklqana
Kikubaaqudgha
Makhleb
Nemelex Xobeh
Qazlal
Ru
Sif Muna
Vehumet
Wu Jian
Xom
Yredelemnul

Shops:
D:1 [   D:4 *   D:7 =   D:8 (:

Annotations:
D:4 Edmund
D:5 1 transporter, SpyderV's ghost, novice DrCj
D:6 2 runed translucent doors, TheUltimateLifeform's ghost, novice HOFi
D:8 Erica


Innate Abilities, Weirdness & Mutations

You have very sharp teeth.
Your uncanny sense of smell can sniff out nearby items.
Your experience applies equally to all skills.


Message History

Magic courses through your body.
You feel sick.
Erica hits you with a +3 scimitar of flaming!
Erica burns you. Erica grabs you. Erica constricts you.
Okay, then.
Unknown command.
Casting: Petrify (dangerous; 11% risk of failure)
Confirm with . or Enter, or press ? or * to list all spells.
Aiming: Petrify (dangerous; 11% risk of failure)
Press: ? - help, Shift-Dir - straight line, f/p - Erica
Aim: Erica, wielding a +3 scimitar of flaming and wearing a ring of fire (constricting you, chance to affect: 23%) Erica resists with almost no effort.
You feel sick. Erica misses you. Erica constricts you.
Okay, then.
Unknown command.
Unknown command.
Unknown command.
Aiming: Paralyse
Press: ? - help, Shift-Dir - straight line, f/p - Erica
Aim: Erica, wielding a +3 scimitar of flaming and wearing a ring of fire (constricting you, chance to affect: 27%) Erica easily resists.
You feel sick.
Erica hits you with a +3 scimitar of flaming!!
* * * LOW HITPOINT WARNING * * *
Erica burns you.
* * * LOW HITPOINT WARNING * * *
Erica constricts you.
* * * LOW HITPOINT WARNING * * *
Unknown command.
You feel better. Erica closely misses you. Erica constricts you.
* * * LOW HITPOINT WARNING * * *
As you read the scroll labelled NAUCLE SARO, it crumbles to dust.
You feel strangely unstable.
It was a scroll of teleportation.
Erica misses you. Erica constricts you.
* * * LOW HITPOINT WARNING * * *
It was a potion of enlightenment.
You feel more buoyant. Erica casts a spell at you. The bolt of poison hits you!
You are lethally poisoned!
You die...
Erica begins burbling mirthfully and uncontrollably.

#.##...#...##.#.#
#.##...#...##.#.#
#.##.......##.#.#
#.##.#.#...#....##
##................####
#...........#.........
#.###.###...##.##..#.#
#.# #.......>.........
#.# #@###.#.######.###
#.. #x##..#.# .#
#.#.#.##.##.#
.###..##. #.# # #.##.
#.# #.... ..# #... .##
#.. . #..


You could see Erica.

Vanquished Creatures
  A two-headed ogre (D:7)
  A shadow (D:8)
  4 yaks (D:8)
  A steam dragon (D:6)
  2 water moccasins
  A sky beast (D:8)
  2 black bears
  An orc warrior (D:6)
  An ogre (D:7)
  A centaur (D:7)
  A weeping skull (D:4)
  A bullfrog (D:7)
  2 scorpions (D:6)
  4 hounds
  2 bombardier beetles
  A sleepcap (D:6)
  2 gnoll boudas
  A jelly (D:7)
  An orc wizard (D:6)
  2 iguanas
  Robin (D:4)
  12 adders
  11 gnolls
  A white imp (D:5)
  2 ufetubi (D:6)
  2 dart slugs
  12 orcs
  5 ball pythons
  4 bats
  3 endoplasms
  4 giant cockroaches
  15 goblins
  5 hobgoblins
  A jackal (D:3)
  A quokka (D:1)
  5 frilled lizards (D:3)
  3 kobolds
  3 rats
  A spectral orc (D:4)
123 creatures vanquished.

Notes
Turn   | Place    | Note
-------+----------+-------------------------------------------
     0 | D:1      | Daunt the Gnoll Earth Elementalist began the quest for the
                  | Orb.
     0 | D:1      | Reached XP level 1. HP: 13/13 MP: 6/6
   121 | D:2      | Reached XP level 2. HP: 20/20 MP: 5/7
   313 | D:1      | Found Miyr's Armour Emporium.
   384 | D:1      | Found a faded altar of an unknown god.
   393 | D:1      | Prayed at the altar of an unknown god.
   393 | D:1      | Became a worshipper of Sif Muna the Loreminder
   393 | D:1      | Reached * piety under Sif Muna
   567 | D:2      | Reached skill level 5 in Spellcasting
   567 | D:2      | Reached XP level 3. HP: 24/25 MP: 4/9
   572 | D:2      | Reached skill level 1 in Invocations
   599 | D:2      | Reached skill level 1 in Fighting
   599 | D:2      | Reached skill level 1 in Short Blades
   599 | D:2      | Reached skill level 1 in Long Blades
   599 | D:2      | Reached skill level 1 in Axes
   599 | D:2      | Reached skill level 1 in Maces & Flails
   599 | D:2      | Reached skill level 1 in Polearms
   599 | D:2      | Reached skill level 1 in Staves
   599 | D:2      | Reached skill level 1 in Ranged Weapons
   599 | D:2      | Reached skill level 1 in Throwing
   599 | D:2      | Reached skill level 1 in Armour
   599 | D:2      | Reached skill level 1 in Shields
   599 | D:2      | Reached skill level 1 in Unarmed Combat
   599 | D:2      | Reached skill level 1 in Evocations
   688 | D:2      | Learned a level 3 spell: Passwall
  1010 | D:3      | Reached skill level 1 in Shapeshifting
  1010 | D:3      | Reached XP level 4. HP: 32/32 MP: 11/11
  1098 | D:3      | Reached ** piety under Sif Muna
  1102 | D:3      | Reached skill level 1 in Hexes
  1102 | D:3      | Reached skill level 1 in Summonings
  1102 | D:3      | Reached skill level 1 in Necromancy
  1102 | D:3      | Reached skill level 1 in Translocations
  1102 | D:3      | Reached skill level 1 in Fire Magic
  1102 | D:3      | Reached skill level 1 in Ice Magic
  1102 | D:3      | Reached skill level 1 in Air Magic
  1102 | D:3      | Reached skill level 1 in Alchemy
  1106 | D:3      | Learned a level 3 spell: Stone Arrow
  1112 | D:3      | Identified the +0 pair of boots of Neadaff {rF+}
  1345 | D:4      | Reached XP level 5. HP: 37/37 MP: 7/12
  1361 | D:4      | Noticed a black bear
  1385 | D:4      | Noticed Robin
  1396 | D:4      | Killed Robin
  1681 | D:4      | Found Vetea's CLEARANCE SALE!.
  1689 | D:4      | Bought 4 atropa-tipped darts for 14 gold pieces
  1711 | D:4      | Reached XP level 6. HP: 44/44 MP: 14/14
  1747 | D:4      | Noticed Edmund
  1750 | D:4      | Found a basalt altar of Yredelemnul.
  1776 | D:4      | Reached skill level 5 in Dodging
  1856 | D:4      | Killed a black bear
  1908 | D:5      | Entered Level 5 of the Dungeon
  1914 | D:5      | Reached XP level 7. HP: 50/50 MP: 12/15
  1952 | D:5      | Found a transporter.
  2068 | D:6      | Reached skill level 5 in Stealth
  2091 | D:6      | Noticed a steam dragon
  2132 | D:6      | Found a white marble altar of Elyvilon.
  2232 | D:5      | Reached *** piety under Sif Muna
  2335 | D:5      | Noticed SpyderV's ghost (novice DrCj)
  2458 | D:6      | Found a staircase to the Ecumenical Temple.
  2467 | Temple   | Entered the Ecumenical Temple
  2701 | D:6      | Killed a steam dragon
  2702 | D:6      | Reached XP level 8. HP: 47/58 MP: 13/16
  2731 | D:6      | Learned a level 4 spell: Petrify
  2752 | D:6      | Reached skill level 6 in Spellcasting
  2876 | D:6      | Found a large runed translucent door.
  2876 | D:6      | Found a large runed translucent door.
  2877 | D:6      | Noticed TheUltimateLifeform's ghost (novice HOFi)
  3060 | D:7      | Found a shimmering altar of Xom.
  3300 | D:7      | Noticed a two-headed ogre
  3331 | D:7      | Killed a two-headed ogre
  3332 | D:7      | Reached XP level 9. HP: 65/65 MP: 11/19
  3405 | D:7      | Found Lehu Gou's Jewellery Boutique.
  3573 | D:8      | Found Icikud's Book Boutique.
  3631 | D:8      | Found Paoblot's Antique Weapon Shop.
  3686 | D:8      | Reached skill level 5 in Invocations
  3690 | D:8      | Reached **** piety under Sif Muna
  3704 | D:8      | Reached skill level 7 in Spellcasting
  3709 | D:8      | Upgraded the game from 0.31.0-10-gcf4a605ca0 to
                  | 0.31.0-11-ge490571c62
  3759 | D:8      | Found a staircase to the Lair.
  3784 | D:8      | Noticed Erica
  3813 | D:8      | HP: 2/67 [constriction (3)]
  3816 | D:8      | Killed from afar by Erica

Illustrated notes

Levels and vault maps discovered:
D:1:      amcnicky_arrival_wind_blow, layout_loops_ring, serial_shops,
          nicolae_shop_pleasant_corner_grove, basic_ecumenical_altar
D:2:      layout_basic
D:3:      minmay_razor_zed, layout_basic, hex_intersection,
          grunt_decor_one_mirror, solitary_fountain, kennysheep_generic_room_3
D:4:      layout_cave_pods, yredelemnul_forgotten_temple_becter,
          serial_bayou_pond_a, nicolae_shop_clearance, uniq_edmund, uniq_robin
D:5:      layout_cave_pods, lemuel_coloured_pillars_altar,
          gammafunk_ghost_mausoleum, minmay_misc_feat_chi
D:6:      layout_basic, mainiacjoe_overflow_six_doors_small,
          minmay_temple_entry_arrows, ebering_ghost_disaster_area
D:7:      layout_basic, xom_butterflies, serial_shops,
          nicolae_shop_window_shopping
D:8:      due_megacathedral, layout_loops_ring, serial_shops,
          nicolae_shop_rolling_square, shop, shop, nicolae_square_shop,
          biasface_ghost_orc_armoury, uniq_erica
Temple:   nicolae_temple_two_arcs

Skill      XL: |  1  2  3  4  5  6  7  8  9 |
---------------+----------------------------+-----
Conjurations   | 2 3 4 |  4.6
Spellcasting   | 5 6 7 |  7.1
Invocations    | 1 2 3 4 5 |  5.3
Fighting       | 1 2 3 4 |  4.9
Short Blades   | 1 2 3 4 |  4.9
Long Blades    | 1 2 3 4 |  4.9
Axes           | 1 2 3 4 |  4.9
Maces & Flails | 1 2 3 4 |  4.9
Polearms       | 1 2 3 4 |  4.9
Staves         | 1 2 3 4 |  4.9
Ranged Weapons | 1 2 3 4 |  4.9
Throwing       | 1 2 3 4 |  4.9
Armour         | 1 2 3 4 |  4.9
Shields        | 1 2 3 4 |  4.9
Unarmed Combat | 1 2 3 4 |  4.9
Evocations     | 1 2 3 4 |  4.9
Shapeshifting  | 1 2 3 4 |  4.4
Hexes          | 1 2 3 4 |  4.0
Summonings     | 1 2 3 4 |  4.0
Necromancy     | 1 2 3 4 |  4.0
Translocations | 1 2 3 4 |  4.0
Fire Magic     | 1 2 3 4 |  4.0
Ice Magic      | 1 2 3 4 |  4.0
Air Magic      | 1 2 3 4 |  4.0
Alchemy        | 1 2 3 4 |  4.0
Dodging        | 5 6 |  6.8
Stealth        | 5 6 |  6.5
Earth Magic    | 6 |  6.9

Action                     |  1- 3 |  4- 6 |  7- 9 || total
---------------------------+-------+-------+-------++-------
  Melee: Spear             |     3 |     2 |       ||     5
         Whip              |       |       |    12 ||    12
         Short sword       |       |       |    53 ||    53
         Bite              |       |       |     9 ||     9
         Punch             |       |       |     4 ||     4
   Fire: Orcbow            |       |    35 |    61 ||    96
  Throw: Dart              |       |     4 |       ||     4
   Cast: Sandblast         |    29 |    58 |    84 ||   171
         Passwall          |       |     2 |     7 ||     9
         Stone Arrow       |       |     2 |    16 ||    18
         Petrify           |       |       |     7 ||     7
  Evoke: Wand              |       |       |     1 ||     1
    Use: Scroll            |       |       |     7 ||     7
         Potion            |       |       |     3 ||     3
   Stab: Sleeping          |     1 |     1 |     1 ||     3
         Petrified         |       |       |     9 ||     9
 Armour: Robe              |     2 |    26 |    65 ||    93
         Steam dragon scal |       |       |    15 ||    15
  Dodge: Dodged            |     4 |    36 |    92 ||   132
